 Dungeon Crawl Stone Soup version 0.25-a0-479-g8579842fd4 (webtiles) character file.

Game seed: 2809558712640153412, levelgen mode: deterministic

589397 ReteAZ the Wrestler (level 27, -26/217 HPs)
             Began as a Gnoll Monk on Feb 8, 2020.
             Was the Champion of Cheibriados.
             Killed from afar by Afoutsoc's ghost (34 damage)
             ... with an iron shot
             ... while petrified by Afoutsoc's ghost
             ... on level 1 of the Crypt on Feb 9, 2020.
             The game lasted 03:18:09 (71470 turns).

ReteAZ the Wrestler (Gnoll Monk)                   Turns: 71470, Time: 03:18:10

Health: -26/217    AC: 51    Str: 38    XL:     27
Magic:  48/48      EV:  2    Int: 37    God:    Cheibriados [******]
Gold:   5915       SH:  0    Dex: 52    Spells: 47/60 levels left

rFire    + . .     SeeInvis +   K - +9 double sword (flame)
rCold    + + .     Gourm    .   o - +8 large shield
rNeg     + + +     Faith    .   t - +7 gold dragon scales of Heresy {rPois rF+ rC+ rN+ Str+3 Dex+5}
rPois    ∞         Spirit   .   D - +2 helmet {SInv}
rElec    .         Reflect  +   e - +2 cloak
rCorr    +         Harm     .   M - +2 pair of gloves of the Eternal Void {rC+}
MR       ++++.                  v - +2 pair of boots of the Harp {*Drain rCorr Dex+10}
Stlth    ++........             G - amulet "Toafushua" {Reflect MP+9 Dex+4 SH+5}
HPRegen  0.46/turn              T - ring of Robustness {AC+8}
MPRegen  0.31/turn              y - ring of the Mage {Wiz MR++ Int+3}

@: petrified, studying Dodging, deflect missiles, very slow
A: distributed training, fangs 1, low mp 1, strong nose
}: 3/15 runes: barnacled, silver, gossamer
a: Bend Time, Temporal Distortion, Slouch, Step From Time, Renounce Religion


You were on level 1 of the Crypt.
You worshipped Cheibriados.
Cheibriados was exalted by your worship.
You were not hungry.

You visited 10 branches of the dungeon, and saw 48 of its levels.
You visited 1 bazaar.
You also visited: Trove, Gauntlet, Volcano and Wizlab.

You collected 8547 gold pieces.
You spent 2632 gold pieces at shops.

Inventory:

Hand Weapons
 b - the +1 great sword "Xukuw" {drain, +Fly rPois rC+ rN+++}
   (You took it off a deep elf mage on level 2 of the Elven Halls)

   A truly terrible weapon, it drains the life of those it strikes.
   It protects you from cold.
   It protects you from poison.
   It renders you almost immune to negative energy.
   It lets you fly.
 I - the +6 long sword of Disembowelment {drain, rElec Str-4 Dex+8}
   (You took it off a deep elf high priest on level 3 of the Elven Halls)

   A truly terrible weapon, it drains the life of those it strikes.
   It affects your strength (-4).
   It affects your dexterity (+8).
   It insulates you from electricity.
 K - a +9 double sword of flaming (weapon)
Missiles
 p - 125 silver javelins (quivered)
 S - 4 throwing nets
Armour
 e - a +2 cloak (worn)
 o - a +8 large shield (worn)
 s - a +2 hat of magic resistance
 t - the +7 gold dragon scales of Heresy (worn) {rPois rF+ rC+ rN+ Str+3 Dex+5}
   (You bought it in a shop on level 2 of the Orcish Mines)

   It affects your strength (+3).
   It affects your dexterity (+5).
   It protects you from fire.
   It protects you from cold.
   It protects you from poison.
   It protects you from negative energy.
   If you remove this armour, your AC will fall 28 points (51 -> 23)
 v - the +2 pair of boots of the Harp (worn) {*Drain rCorr Dex+10}
   (You acquired it on level 3 of the Elven Halls)

   It affects your dexterity (+10).
   It provides partial protection from all sources of acid and corrosion.
   It causes draining when unequipped.
   If you remove this armour, your AC will fall 4 points (51 -> 47)
 D - a +2 helmet of see invisible (worn)
 M - the +2 pair of gloves of the Eternal Void (worn) {rC+}
   (You found it on level 4 of the Shoals)

   It protects you from cold.
   If you remove this armour, your AC will fall 4 points (51 -> 47)
Jewellery
 y - the ring of the Mage (right hand) {Wiz MR++ Int+3}
   (You found it on level 4 of the Dungeon)

   [ring of wizardry]

   It improves your spell success rate.
   It affects your intelligence (+3).
   It affects your resistance to hostile enchantments.
 z - the ring "Umel" {rF+ rC+ Dex+3}
   (You took it off a deep elf mage on level 3 of the Elven Halls)

   [ring of dexterity]

   It affects your dexterity (+3).
   It protects you from fire.
   It protects you from cold.
 G - the amulet "Toafushua" (around neck) {Reflect MP+9 Dex+4 SH+5}
   (You found it in a treasure trove)

   [amulet of reflection]

   It shields you and reflects attacks.
   It affects your dexterity (+4).
   It affects your magic capacity (+9).
   It affects your SH (+5).
 L - an uncursed ring of protection from fire
 T - the ring of Robustness (left hand) {AC+8}
   (You found it on level 4 of the Depths)

   [ring of protection]

   It affects your AC (+8).
Wands
 a - a wand of clouds (11)
 k - a wand of digging (6)
 w - a wand of acid (27)
 W - a wand of disintegration (53)
 X - a wand of iceblast (17)
Scrolls
 d - 22 scrolls of remove curse
 h - 27 scrolls of teleportation
 n - 11 scrolls of fear
 q - 8 scrolls of magic mapping
 x - 3 scrolls of summoning
 C - 4 scrolls of identify
 E - 4 scrolls of blinking
 F - 3 scrolls of enchant weapon
 J - 2 scrolls of brand weapon
 N - 2 scrolls of holy word
 P - 13 scrolls of fog
 Z - 2 scrolls of enchant armour
Potions
 f - 6 potions of agility
 i - 2 potions of cancellation
 j - 17 potions of curing
 l - 3 potions of mutation
 m - 12 potions of ambrosia
 r - 2 potions of resistance
 u - 6 potions of might
 O - 9 potions of flight
 R - a potion of brilliance
 V - 4 potions of heal wounds
 Y - 3 potions of magic
Books
 g - a manual of Dodging
Miscellaneous
 B - a lamp of fire
 Q - a lamp of fire
Comestibles
 c - 75 rations


   Skills:
 + Level 18.1 Fighting
 + Level 17.3 Short Blades
 + Level 18.1 Long Blades
 + Level 17.3 Axes
 + Level 17.3 Maces & Flails
 + Level 17.3 Polearms
 + Level 17.3 Staves
 + Level 17.3 Slings
 + Level 17.3 Bows
 + Level 17.3 Crossbows
 + Level 17.3 Throwing
 + Level 17.3 Armour
 + Level 19.8 Dodging
 + Level 17.6 Stealth
 + Level 17.3 Shields
 + Level 21.4 Unarmed Combat
 + Level 17.3 Spellcasting
 + Level 14.9 Conjurations
 + Level 14.9 Hexes
 + Level 14.9 Charms
 + Level 14.9 Summonings
 + Level 14.9 Necromancy
 + Level 14.9 Translocations
 + Level 14.9 Transmutations
 + Level 14.9 Fire Magic
 + Level 14.9 Ice Magic
 + Level 14.9 Air Magic
 + Level 14.9 Earth Magic
 + Level 14.9 Poison Magic
 + Level 18.6 Invocations
 + Level 17.3 Evocations


You had 47 spell levels left.
You knew the following spells:

 Your Spells              Type           Power        Failure   Level  Hunger
a - Blink                 Tloc           N/A          1%          2    None
b - Silence               Hex/Air        #######...   1%          5    None
c - Deflect Missiles      Chrm/Air       #######...   2%          6    None

Your spell library contained the following spells:

 Spells                   Type           Power        Failure   Level  Hunger
 Animate Skeleton         Necr           N/A          1%          1    None
 Apportation              Tloc           ######       1%          1    None
 Beastly Appendage        Tmut           ######       1%          1    None
 Corona                   Hex            #######      1%          1    None
 Foxfire                  Conj/Fire      ####         1%          1    None
 Magic Dart               Conj           ####         1%          1    None
 Pain                     Necr           ####         1%          1    None
 Sandblast                Erth           ######       1%          1    None
 Shock                    Conj/Air       ####         1%          1    None
 Sting                    Tmut/Pois      ####         1%          1    None
 Summon Butterflies       Summ           #######.     1%          1    None
 Summon Small Mammal      Summ           ####         1%          1    None
 Call Imp                 Summ           #######.     1%          2    None
 Corpse Rot               Necr/Air       N/A          1%          2    None
 Ensorcelled Hibernation  Hex/Ice        ######       1%          2    None
 Passwall                 Tmut/Erth      #######.     1%          2    None
 Poisonous Vapours        Pois/Air       ######       1%          2    None
 Slow                     Hex            #######.     1%          2    None
 Sticks to Snakes         Tmut           #######.     1%          2    None
 Sublimation of Blood     Necr           #######...   1%          2    None
 Swiftness                Chrm/Air       #######.     1%          2    None
 Call Canine Familiar     Summ           #######.     1%          3    None
 Confusing Touch          Hex            #######.     1%          3    None
 Conjure Flame            Conj/Fire      #######.     1%          3    None
 Dazzling Flash           Conj/Hex       ######       1%          3    None
 Gell's Gravitas          Tloc           #######...   1%          3    None
 Ignite Poison            Fire/Tmut/Pois #######.     1%          3    None
 Inner Flame              Hex/Fire       #######.     1%          3    None
 Lesser Beckoning         Tloc           #######...   1%          3    None
 Mephitic Cloud           Conj/Pois/Air  #######.     1%          3    None
 Spectral Weapon          Hex/Chrm       #######.     1%          3    None
 Spider Form              Tmut/Pois      #######...   1%          3    None
 Static Discharge         Conj/Air       #######.     1%          3    None
 Stone Arrow              Conj/Erth      ######       1%          3    None
 Tukima's Dance           Hex            #######.     1%          3    None
 Vampiric Draining        Necr           #######...   1%          3    None
 Airstrike                Air            #######...   1%          4    None
 Animate Dead             Necr           N/A          1%          4    None
 Cause Fear               Hex            #######...   1%          4    None
 Dispel Undead            Necr           #######.     1%          4    None
 Ice Form                 Ice/Tmut       #######.     1%          4    None
 Olgreb's Toxic Radiance  Pois           #######.     1%          4    None
 Passage of Golubria      Tloc           N/A          1%          4    None
 Petrify                  Tmut/Erth      #######.     1%          4    None
 Summon Ice Beast         Ice/Summ       #######.     1%          4    None
 Summon Lightning Spire   Summ/Air       #######.     1%          4    None
 Agony                    Necr           #######.     1%          5    None
 Alistair's Intoxication  Tmut/Pois      #######.     1%          5    None
 Blade Hands              Tmut           #######...   1%          5    None
 Bolt of Magma            Conj/Fire/Erth #######...   1%          5    None
 Excruciating Wounds      Chrm/Necr      #######...   1%          5    None
 Fireball                 Conj/Fire      #######...   1%          5    None
 Irradiate                Conj/Tmut      #######...   1%          5    None
 Iskenderun's Battlesphe  Conj/Chrm      #######.     1%          5    None
 Lee's Rapid Deconstruct  Erth           #######...   1%          5    None
 Lightning Bolt           Conj/Air       #######...   1%          5    None
 Metabolic Englaciation   Hex/Ice        #######...   1%          5    None
 Summon Forest            Summ/Tloc      #######...   1%          5    None
 Summon Mana Viper        Hex/Summ       #######.     1%          5    None
 Yara's Violent Unravell  Hex/Tmut       #######...   1%          5    None
 Conjure Ball Lightning   Conj/Air       #######...   2%          6    None
 Darkness                 Hex            #######...   2%          6    None
 Eringya's Noxious Bog    Tmut/Pois      #######...   2%          6    None
 Hydra Form               Tmut           #######...   2%          6    None
 Invisibility             Hex            #######.     2%          6    None
 Iron Shot                Conj/Erth      #######...   2%          6    None
 Ozocubu's Refrigeration  Ice            #######...   2%          6    None
 Simulacrum               Ice/Necr       #######...   2%          6    None
 Starburst                Conj/Fire      #######...   2%          6    None
 Statue Form              Tmut/Erth      #######..    2%          6    None
 Dragon Form              Tmut           #######...   16%         7    ##.....
 Haunt                    Necr/Summ      #######...   16%         7    ##.....
 Orb of Destruction       Conj           #######...   16%         7    ##.....
 Ring of Flames           Chrm/Fire      #######...   16%         7    ##.....
 Spellforged Servitor     Conj/Summ      #######...   16%         7    ##.....
 Summon Hydra             Summ           #######...   16%         7    ##.....
 Discord                  Hex            #######...   73%         8    #####..
 Ignition                 Fire           #######...   73%         8    #####..
 Shatter                  Erth           #######...   100%        9    ######.
 Tornado                  Air            #######...   100%        9    ######.


Dungeon Overview and Level Annotations

Branches:
Dungeon (15/15)            Temple (1/1) D:5            Lair (6/6) D:8
 Shoals (4/4) Lair:4       Spider (4/4) Lair:3        Slime (0/5) Lair:6
    Orc (2/2) D:9             Elf (3/3) Orc:2        Vaults (5/5) D:14
  Crypt (3/3) Vaults:2       Tomb (0/3) Crypt:3      Depths (5/5) D:15
    Zot (0/5) Depths:5    Volcano (visited)          WizLab (visited)
Gauntlet (visited)

Altars:
Cheibriados
Elyvilon
Gozag
Nemelex Xobeh
Trog
Vehumet
Wu Jian
Xom
Yredelemnul
Zin
Beogh

Shops:
D:4 !   D:8 *   D:13 (   D:14 *   Orc:1 [   Orc:2 }%[?   Elf:2 :   Shoals:1 =[
Vaults:2 ***   Vaults:5 [   Depths:2 %   Depths:3 ![   Depths:5 }

Portals:
Hell: Depths:1 Depths:2 Depths:3 Depths:4 Depths:5
Abyss: Depths:4
Pandemonium: Orc:2 Depths:2 Depths:3
Ziggurat: Depths:5

Annotations:
Crypt:1 Addacahu's ghost, veteran GrEE; Afoutsoc's ghost, veteran GrFi; Jidasm's ghost, veteran GrFi; Mehus's ghost, veteran MiBe


Innate Abilities, Weirdness & Mutations

Your experience applies equally to all skills.
You have very sharp teeth.
Your uncanny sense of smell can sniff out nearby items.
Your magical capacity is low. (-10% MP)


Message History

Addacahu's ghost casts a spell at you.
The stone arrow hits you but does no damage.
Jidasm's ghost hits you but does no damage.
Afoutsoc's ghost hits you but does no damage.
Mehus's ghost hits you!!
* * * LOW HITPOINT WARNING * * *
x2 Addacahu's ghost casts a spell at you.
The stone arrow hits you!!
* * * LOW HITPOINT WARNING * * *
Jidasm's ghost hits you but does no damage.
Afoutsoc's ghost hits you but does no damage.
Mehus's ghost says, "I'll split you in two!"
Mehus's ghost hits you but does no damage.
Addacahu's ghost points at you and mumbles some strange words.
The stone arrow hits you!!!
* * * LOW HITPOINT WARNING * * *
Jidasm's ghost hits you but does no damage.
Afoutsoc's ghost casts a spell at you. The iron shot hits you!!!
You die...

#########.......^................
#........................
#......................Z.
#.........########..#####
#########.........# #..#
..........######..# #..#
.....######."8:#..# #..# .....#
#8....#..# #..##### .....#
!.....#@W# #....... .....#
!.....WWW# #....... .....#
8.....'..# #....... '##..#
......'..# #....... ..#..#
?.....#..########.......
..#.)#####8....#.................
..#......##$=8.#.................
..#.).....######.................
###.######.................######


You could see Addacahu's ghost, Afoutsoc's ghost, Jidasm's ghost and Mehus's
ghost.

Vanquished Creatures
  Khufu (Crypt:2)
  Mara (Depths:2)
  3 ancient liches
  The ghost of Piu the Hand of Fortune, a master GnWn of Nemelex Xobeh (Crypt:1)
  3 greater mummies (Crypt:2)
  Frederick (Depths:3)
  Bai Suzhen (Elf:3)
  Saint Roka (Crypt:1)
  Margery (Crypt:3)
  3 caustic shrikes (Depths:5)
  2 golden dragons (Vaults:5)
  Xtahua (Vaults:4)
  A curse toe (Crypt:3)
  Nikola (Shoals:1)
  Arachne (Spider:3)
  3 tentacled monstrosities
  A quicksilver dragon (Vaults:5)
  5 liches
  6 titans
  Frances (Spider:1)
  A deep elf master archer (Elf:3)
  2 deep elf blademasters (Elf:3)
  The ghost of Beaer the Severer, an adept DsGl of Makhleb (Shoals:2)
  4 ancient champions
  Polyphemus (Shoals:2)
  3 storm dragons (Depths:4)
  Gastronok (Lair:2)
  Kirke (Lair:5)
  Donald (Spider:1)
  A storm dragon (shapeshifter) (Depths:4)
  8 sphinxes
  2 shadow dragons
  8 tengu reavers
  Roxanne (Spider:3)
  A revenant (Crypt:1)
  6 draconian monks (Depths:5)
  The ghost of Epan the Geomancer, an adept GrEE of Vehumet (Orc:2)
  9 fire giants
  The ghost of Biutis the Fighter, a journeyman HONe of Trog (D:14)
  3 iron dragons
  14 vault wardens
  9 ghost moths
  A ghost moth (shapeshifter) (Depths:4)
  12 frost giants
  Aizul (Elf:3)
  An orc warlord (Orc:2)
  7 deep elf sorcerers
  An emperor scorpion (Spider:4)
  A draconian scorcher (Depths:5)
  2 draconian annihilators
  A caustic shrike zombie (Depths:2)
  8 deep elf elementalists
  2 curse skulls
  12 stone giants
  8 ghouls
  8 entropy weavers
  7 war gargoyles
  14 ironheart preservers
  2 reapers
  19 very ugly things
  An entropy weaver (shapeshifter) (Depths:4)
  3 red draconians (Depths:5)
  7 deep elf demonologists
  4 green draconians (Depths:5)
  8 vampire knights
  2 minotaurs
  5 black draconians (Depths:5)
  4 purple draconians (Depths:5)
  3 white draconians (Depths:5)
  9 spark wasps
  17 deep elf annihilators
  2 large abominations
  A spark wasp (shapeshifter) (Depths:3)
  18 ettins
  7 deep elf death magi
  2 eidola
  8 merfolk javelineers
  Josephine (Spider:1)
  6 merfolk impalers (Shoals:4)
  3 deep elf high priests (Elf:3)
  7 fire dragons
  2 crystal guardians (Depths:4)
  11 jiangshi
  3 great orbs of eyes
  13 yaktaur captains
  7 ice dragons
  Fannar (Lair:2)
  4 rakshasas
  27 vault guards
  6 hydras
  2 merfolk avatars
  An alligator snapping turtle (Shoals:2)
  A ghost crab (Gauntlet)
  6 catoblepae
  A hell beast (Depths:2)
  4 spriggan air magi (Depths:4)
  6 death knights
  4 centaur warriors
  2 juggernaut simulacra (Depths:4)
  8 merfolk aquamancers
  24 dancing weapons
  34 two-headed ogres
  6 deep troll shamans
  16 death yaks
  12 vampire magi
  12 ogre magi
  2 tengu warriors (Depths:1)
  6 satyrs
  7 deep troll earth magi
  4 orc high priests (Orc:2)
  A spriggan berserker (Depths:3)
  A shock serpent (shapeshifter) (Depths:1)
  2 storm dragon zombies
  22 deep elf knights
  5 hell knights
  A soul eater (Crypt:2)
  An iron troll (Depths:5)
  5 fire crabs (Lair:5)
  26 skeletal warriors
  4 shadow wraiths
  A spark wasp zombie (D:15)
  13 sea snakes
  A death drake (Depths:5)
  4 unseen horrors
  2 glowing orange brains
  An infernal demonspawn (Orc:2)
  4 flayed ghosts
  An obsidian statue (D:10)
  4 wizards
  17 deep trolls
  A shadow dragon zombie (Depths:2)
  5 phantasmal warriors
  An orange crystal statue (Depths:1)
  16 ironbrand convokers
  A harpy (shapeshifter) (Vaults:1)
  6 deep elf archers
  6 lindwurms (Depths:5)
  A tengu zombie (Vaults:4)
  10 orc knights
  34 harpies
  13 necromancers
  A sphinx zombie (Crypt:2)
  34 wolf spiders
  A mana viper (shapeshifter) (Vaults:3)
  A stone giant zombie (D:15)
  A shadow dragon skeleton (Crypt:1)
  58 deep elf magi
  24 orb spiders
  21 manticores
  2 frost giant zombies
  9 orc sorcerers
  31 ugly things
  2 stone giant skeletons
  A sphinx skeleton (Depths:2)
  4 cyclopes
  A tengu skeleton (Depths:2)
  An iron dragon skeleton (Crypt:3)
  3 salamanders (shapeshifter)
  2 fire giant skeletons
  4 moths of wrath
  2 fire giant zombies
  22 fauns
  14 elephants (Lair:6)
  11 merfolk sirens
  A naga mage (Depths:4)
  A smoke demon (Orc:2)
  7 water nymphs
  2 human skeletons (Vaults:3)
  21 vault sentinels
  4 black mambas
  5 torpor snails
  15 spiny frogs
  4 orange demons
  A rust devil (Depths:2)
  2 gargoyles
  6 komodo dragons
  2 kobold demonologists
  A sea snake zombie (Crypt:1)
  2 dire elephant skeletons (Crypt:2)
  A redback zombie (D:13)
  16 demonic crawlers
  A hellwing (Depths:3)
  34 yaktaurs
  A rime drake (Lair:4)
  4 guardian mummies (Crypt:3)
  9 freezing wraiths
  2 ice devils
  A harpy zombie (Crypt:3)
  A minotaur skeleton (Crypt:1)
  2 red devils (Orc:2)
  2 jumping spiders (shapeshifter)
  3 polar bears
  11 wind drakes
  58 jumping spiders
  A red draconian skeleton (Crypt:2)
  A merfolk (shapeshifter) (Vaults:5)
  3 bog bodies (Crypt:2)
  11 trolls
  A hydra skeleton (Crypt:1)
  Prince Ribbit (Lair:3)
  31 merfolk
  22 hornets
  21 slime creatures
  23 blink frogs
  14 dream sheep
  A stone giant simulacrum (Vaults:1)
  14 snapping turtles
  11 hippogriffs
  2 flying skulls
  A vampire (D:10)
  5 air elementals
  2 fire dragon skeletons
  13 wraiths
  3 spriggans (shapeshifter)
  2 shadows (Crypt:1)
  31 tarantellas
  An ice dragon skeleton (Crypt:2)
  64 yaks
  70 redbacks
  21 water elementals
  A wyvern (shapeshifter) (Vaults:4)
  A ynoxinul (Depths:3)
  6 basilisks
  2 fire elementals
  An ettin skeleton (Vaults:3)
  2 wyverns
  2 humans
  10 hogs
  A steam dragon (D:8)
  5 chaos spawn
  Grum (D:9)
  3 human simulacra
  5 vampire mosquitoes
  4 hungry ghosts
  A human zombie (D:15)
  A water nymph zombie (Crypt:2)
  7 wargs
  An acid dragon (Vaults:2)
  2 soldier ants (D:13)
  9 water moccasins
  A monstrous demonspawn skeleton (Crypt:2)
  A spiny frog zombie (Crypt:3)
  A torturous demonspawn skeleton (Crypt:3)
  A hell hound (Depths:2)
  10 porcupines
  3 swamp drakes (Depths:5)
  3 black bears
  52 orc warriors
  5 ice beasts
  5 sky beasts
  2 necrophages
  An eye of draining (D:14)
  A snapping turtle zombie (Crypt:1)
  An elf zombie (Vaults:1)
  A phantom (D:7)
  25 ogres
  2 ettin simulacra
  A manticore zombie (Crypt:1)
  2 boggarts (Depths:1)
  A boggart (shapeshifter) (Vaults:4)
  20 centaurs
  6 wolves
  A torpor snail zombie (Crypt:1)
  8 crocodiles
  4 big kobolds
  21 bullfrogs
  2 deep troll simulacra
  2 gnoll sergeants (D:10)
  4 small abominations
  2 earth elementals
  A cyclops skeleton (Crypt:2)
  6 scorpions
  A troll zombie (Crypt:3)
  5 killer bees (D:10)
  2 electric eels (D:15)
  A polar bear skeleton (Crypt:2)
  A raiju skeleton (Crypt:2)
  17 wights
  5 howler monkeys
  12 crimson imps
  A quasit (D:10)
  3 hounds
  A soldier ant zombie (Crypt:3)
  A hound (shapeshifter) (Depths:2)
  3 centaur zombies
  38 orc priests
  A bullfrog skeleton (D:7)
  4 jellies
  28 orc wizards
  3 centaur skeletons
  6 iguanas
  23 worker ants
  A killer bee zombie (D:6)
  A naga zombie (Crypt:3)
  A big kobold zombie (Crypt:3)
  A crocodile skeleton (Crypt:3)
  A hound zombie (D:11)
  12 adders
  22 gnolls
  3 shadow imps
  An ooze (D:3)
  2 adder zombies
  2 adder skeletons
  A lava snake skeleton (Crypt:1)
  A worm (D:3)
  8 leopard geckos
  136 orcs
  2 ball pythons
  5 giant cockroaches
  A gnoll zombie (Crypt:3)
  4 goblins
  2 hobgoblins (D:1)
  2 jackals (D:2)
  3 quokkas
  A ball python skeleton (Crypt:1)
  6 bats
  6 frilled lizards
  A goblin skeleton (Crypt:2)
  15 kobolds
  An orc zombie (Crypt:3)
  A quokka zombie (D:6)
  7 rats
  3 fungi (Elf:1)
  5 plants
2299 creatures vanquished.

Vanquished Creatures (others)
  2 stone giants
  A white draconian (Depths:5)
  A purple draconian (Depths:5)
  2 yaktaur captains (Vaults:3)
  2 vault guards
  2 centaur warriors (Vaults:1)
  A satyr (Shoals:4)
  A two-headed ogre (Vaults:5)
  A merfolk aquamancer (Shoals:4)
  A cyclops (Shoals:4)
  2 fauns
  2 deep elf magi (Elf:1)
  A black mamba (Lair:6)
  A merfolk siren (Shoals:4)
  5 yaktaurs
  A swamp drake (Depths:5)
  An orc warrior (D:7)
  A centaur (Shoals:2)
  A scorpion (D:7)
  A crimson imp (D:7)
  2 orc wizards
  An adder (D:7)
  4 orcs (D:7)
  A quokka (D:8)
  A bush (Lair:6)
  15 fungi
  28 plants
  2 withered plants
84 creatures vanquished.

Grand Total: 2383 creatures vanquished

Notes
Turn   | Place    | Note
-------+----------+-------------------------------------------
     0 | D:1      | ReteAZ the Gnoll Monk began the quest for the Orb.
     0 | D:1      | Reached XP level 1. HP: 23/23 MP: 1/1
    47 | D:1      | Reached XP level 2. HP: 29/29 MP: 2/2
   753 | D:2      | Reached XP level 3. HP: 35/35 MP: 3/3
   809 | D:2      | Found a faded altar of an unknown god.
   850 | D:2      | Found a radiant altar of Vehumet.
   858 | D:2      | Reached skill level 1 in Short Blades
   858 | D:2      | Reached skill level 1 in Axes
   858 | D:2      | Reached skill level 1 in Maces & Flails
   858 | D:2      | Reached skill level 1 in Polearms
   858 | D:2      | Reached skill level 1 in Staves
   858 | D:2      | Reached skill level 1 in Slings
   858 | D:2      | Reached skill level 1 in Bows
   858 | D:2      | Reached skill level 1 in Crossbows
   858 | D:2      | Reached skill level 1 in Throwing
   858 | D:2      | Reached skill level 1 in Armour
   858 | D:2      | Reached skill level 1 in Shields
   858 | D:2      | Reached skill level 1 in Unarmed Combat
   858 | D:2      | Reached skill level 1 in Spellcasting
   858 | D:2      | Reached skill level 1 in Invocations
   858 | D:2      | Reached skill level 1 in Evocations
   858 | D:2      | Reached XP level 4. HP: 28/41 MP: 5/5
  1385 | D:3      | Reached skill level 1 in Conjurations
  1385 | D:3      | Reached skill level 1 in Hexes
  1385 | D:3      | Reached skill level 1 in Charms
  1385 | D:3      | Reached skill level 1 in Summonings
  1385 | D:3      | Reached skill level 1 in Necromancy
  1385 | D:3      | Reached skill level 1 in Translocations
  1385 | D:3      | Reached skill level 1 in Transmutations
  1385 | D:3      | Reached skill level 1 in Fire Magic
  1385 | D:3      | Reached skill level 1 in Ice Magic
  1385 | D:3      | Reached skill level 1 in Air Magic
  1385 | D:3      | Reached skill level 1 in Earth Magic
  1385 | D:3      | Reached skill level 1 in Poison Magic
  1599 | D:3      | Reached XP level 5. HP: 47/47 MP: 6/6
  2427 | D:4      | Found the ring of the Mage {Wiz MR++ Int+3}
  2471 | D:4      | Reached XP level 6. HP: 42/53 MP: 8/8
  2692 | D:4      | Reached skill level 2 in Unarmed Combat
  2974 | D:4      | Found Fibyamm's Distillery.
  2977 | D:4      | Bought a potion of might for 48 gold pieces
  2977 | D:4      | Bought a potion of heal wounds for 60 gold pieces
  2977 | D:4      | Bought a potion of curing for 36 gold pieces
  2977 | D:4      | Bought a potion of curing for 36 gold pieces
  2995 | D:4      | Reached XP level 7. HP: 45/59 MP: 10/10
  3182 | D:5      | Entered Level 5 of the Dungeon
  3234 | D:5      | Found a staircase to the Ecumenical Temple.
  3261 | Temple   | Entered the Ecumenical Temple
  3286 | Temple   | Became a worshipper of Cheibriados the Contemplative
  3286 | Temple   | Reached * piety under Cheibriados
  3286 | Temple   | Reached ** piety under Cheibriados
  3759 | D:5      | Reached skill level 5 in Stealth
  3964 | D:5      | Reached XP level 8. HP: 67/67 MP: 12/12
  4269 | D:5      | Reached skill level 3 in Unarmed Combat
  4463 | D:5      | Reached *** piety under Cheibriados
  5563 | D:6      | Reached XP level 9. HP: 58/72 MP: 14/14
  5892 | D:7      | Reached **** piety under Cheibriados
  6251 | D:7      | Reached skill level 4 in Unarmed Combat
  6746 | D:7      | Reached skill level 5 in Invocations
  6797 | D:7      | Reached XP level 10. HP: 62/80 MP: 15/17
  6897 | D:7      | Found a shimmering altar of Xom.
  7270 | D:7      | Reached skill level 5 in Short Blades
  7270 | D:7      | Reached skill level 5 in Axes
  7270 | D:7      | Reached skill level 5 in Maces & Flails
  7270 | D:7      | Reached skill level 5 in Polearms
  7270 | D:7      | Reached skill level 5 in Staves
  7270 | D:7      | Reached skill level 5 in Slings
  7270 | D:7      | Reached skill level 5 in Bows
  7270 | D:7      | Reached skill level 5 in Crossbows
  7270 | D:7      | Reached skill level 5 in Throwing
  7270 | D:7      | Reached skill level 5 in Armour
  7270 | D:7      | Reached skill level 5 in Shields
  7270 | D:7      | Reached skill level 5 in Unarmed Combat
  7270 | D:7      | Reached skill level 5 in Spellcasting
  7270 | D:7      | Reached skill level 5 in Evocations
  7297 | D:7      | Reached ***** piety under Cheibriados
  7476 | D:8      | Found a glowing silver altar of Zin.
  7502 | D:8      | Found Zin's Purification Station.
  7680 | D:8      | Found a staircase to the Lair.
  7785 | D:8      | Noticed a two-headed ogre
  7801 | D:8      | Killed a two-headed ogre
  8678 | D:9      | Noticed Grum
  8698 | D:9      | Killed Grum
  8840 | D:9      | Reached XP level 11. HP: 87/87 MP: 19/19
  8849 | D:9      | Reached skill level 6 in Unarmed Combat
  8868 | D:9      | Found a staircase to the Orcish Mines.
  9318 | D:10     | Entered Level 10 of the Dungeon
  9333 | D:10     | Reached ****** piety under Cheibriados
  9394 | D:10     | Noticed a death knight
  9438 | D:10     | Killed a death knight
  9438 | D:10     | Reached skill level 5 in Conjurations
  9438 | D:10     | Reached skill level 5 in Hexes
  9438 | D:10     | Reached skill level 5 in Charms
  9438 | D:10     | Reached skill level 5 in Summonings
  9438 | D:10     | Reached skill level 5 in Necromancy
  9438 | D:10     | Reached skill level 5 in Translocations
  9438 | D:10     | Reached skill level 5 in Transmutations
  9438 | D:10     | Reached skill level 5 in Fire Magic
  9438 | D:10     | Reached skill level 5 in Ice Magic
  9438 | D:10     | Reached skill level 5 in Air Magic
  9438 | D:10     | Reached skill level 5 in Earth Magic
  9438 | D:10     | Reached skill level 5 in Poison Magic
  9849 | D:10     | Noticed an obsidian statue
 10008 | D:10     | Reached skill level 7 in Unarmed Combat
 10389 | D:11     | Noticed a green ugly thing
 10575 | D:11     | Killed a green ugly thing
 11143 | D:11     | Reached XP level 12. HP: 96/96 MP: 22/22
 11439 | Lair:1   | Entered Level 1 of the Lair of Beasts
 11479 | Lair:1   | Found a gate leading to a gauntlet.
 11490 | Lair:1   | Reached skill level 8 in Unarmed Combat
 11541 | Gauntlet | Entered a Gauntlet
 11541 | Gauntlet | Found a transporter.
 11541 | Gauntlet | Found a transporter.
 11541 | Gauntlet | Found a transporter.
 11551 | Gauntlet | Noticed a queen ant
 11562 | Gauntlet | Found a transporter.
 11576 | Gauntlet | Found a transporter.
 11578 | Gauntlet | Found a transporter.
 11579 | Gauntlet | Noticed a wretched star
 11591 | Gauntlet | Found a transporter.
 11593 | Gauntlet | Noticed a hell beast
 11607 | Gauntlet | Found a transporter.
 11624 | Gauntlet | Found a transporter.
 11628 | Gauntlet | Found a transporter.
 11629 | Gauntlet | Noticed a ghost crab
 11638 | Gauntlet | Found a transporter.
 11642 | Gauntlet | Found a transporter.
 11904 | Gauntlet | Killed a ghost crab
 11917 | Gauntlet | Got a scintillating golden amulet
 11920 | Gauntlet | Identified the amulet "Rem Al Soomy" {RegenMP rF++ MR-
                  | MP+9} (You found it in a Gauntlet)
 12026 | Gauntlet | Got a transparent hat
 12171 | Gauntlet | Identified the cursed +0 hat "Imogis" {rC+} (You found it
                  | in a Gauntlet)
 12200 | Gauntlet | Identified the +7 whip of the Blessed Realm {venom, MR+
                  | Str+4}
 12200 | Gauntlet | Noticed a minotaur
 12221 | Gauntlet | Killed a minotaur
 12308 | Lair:1   | Noticed a seven-headed hydra
 12320 | Lair:1   | Killed a seven-headed hydra
 12706 | Lair:1   | Reached skill level 9 in Unarmed Combat
 12794 | Lair:1   | Reached skill level 10 in Fighting
 12794 | Lair:1   | Reached skill level 10 in Long Blades
 12794 | Lair:1   | Reached skill level 10 in Dodging
 12920 | Lair:2   | Noticed Fannar
 12932 | Lair:2   | Killed Fannar
 13055 | Lair:2   | You fall into a shaft and drop 2 floors!
 13096 | Lair:4   | Reached XP level 13. HP: 103/103 MP: 24/24
 13378 | Lair:3   | Noticed Prince Ribbit
 13406 | Lair:3   | Killed Prince Ribbit
 13478 | Lair:3   | Reached skill level 10 in Unarmed Combat
 13704 | Lair:3   | Found a glowing silver altar of Zin.
 13849 | Lair:3   | Learned a level 2 spell: Blink
 13912 | Lair:3   | Found a hole to the Spider Nest.
 14427 | Lair:2   | Noticed Gastronok
 14452 | Lair:2   | Killed Gastronok
 15431 | Lair:4   | Found a staircase to the Shoals.
 16396 | Lair:5   | Noticed Kirke
 16404 | Lair:5   | Reached XP level 14. HP: 111/111 MP: 20/26
 16409 | Lair:5   | Noticed a sphinx
 16414 | Lair:5   | Killed Kirke
 16439 | Lair:5   | Found a runed translucent door.
 16453 | Lair:5   | Reached skill level 11 in Unarmed Combat
 17129 | Lair:5   | Noticed an entropy weaver
 17135 | Lair:5   | Reached skill level 10 in Stealth
 17162 | Lair:5   | Killed an entropy weaver
 17179 | Lair:5   | HP: 3/113 [fire crab] (3)]
 17561 | Lair:5   | Noticed an entropy weaver
 17637 | Lair:6   | Entered Level 6 of the Lair of Beasts
 17687 | Lair:6   | Reached skill level 10 in Invocations
 18485 | Lair:6   | Reached skill level 12 in Unarmed Combat
 18532 | Lair:6   | Reached XP level 15. HP: 119/119 MP: 28/28
 19437 | Lair:6   | Identified the Almanac of Poison and Ice
 19750 | Lair:6   | Found a staircase to the Slime Pits.
 20128 | Orc:1    | Entered Level 1 of the Orcish Mines
 20142 | Orc:1    | Found Ubaynnag's Antique Armour Shop.
 20443 | Orc:1    | Found a roughly hewn altar of Beogh.
 20611 | Orc:1    | Found a roughly hewn altar of Beogh.
 20700 | Orc:2    | Entered Level 2 of the Orcish Mines
 20700 | Orc:2    | Found a staircase to the Elven Halls.
 20834 | Orc:2    | Reached skill level 10 in Short Blades
 20834 | Orc:2    | Reached skill level 10 in Axes
 20834 | Orc:2    | Reached skill level 10 in Maces & Flails
 20834 | Orc:2    | Reached skill level 10 in Polearms
 20834 | Orc:2    | Reached skill level 10 in Staves
 20834 | Orc:2    | Reached skill level 10 in Slings
 20834 | Orc:2    | Reached skill level 10 in Bows
 20834 | Orc:2    | Reached skill level 10 in Crossbows
 20834 | Orc:2    | Reached skill level 10 in Throwing
 20834 | Orc:2    | Reached skill level 10 in Armour
 20834 | Orc:2    | Reached skill level 10 in Shields
 20834 | Orc:2    | Reached skill level 10 in Spellcasting
 20834 | Orc:2    | Reached skill level 10 in Evocations
 20899 | Orc:2    | Found a dark tunnel.
 20921 | Orc:2    | Found a runed translucent gate.
 20921 | Orc:2    | Found a runed translucent gate.
 20929 | Volcano  | Entered a volcano
 21183 | Orc:2    | Found a runed translucent gate.
 21186 | Orc:2    | Noticed Epan's ghost (adept GrEE)
 21377 | Orc:2    | Found Mezoizuy's Food Shop.
 21872 | Orc:1    | Noticed an orc warlord
 22046 | Orc:2    | Killed an orc warlord
 22924 | Orc:2    | Found Beagg's Magic Scroll Boutique.
 23382 | Orc:2    | Reached skill level 13 in Unarmed Combat
 23765 | Orc:2    | Reached XP level 16. HP: 111/127 MP: 30/30
 24365 | Orc:2    | Found Usatz's Gadget Emporium.
 24365 | Orc:2    | Found Wothaujofu's Antique Armour Shoppe.
 24365 | Orc:2    | Found a one-way gate leading to the halls of Pandemonium.
 24927 | Orc:2    | Bought smoking gold dragon scales for 1870 gold pieces
 24937 | Orc:2    | Identified the +7 gold dragon scales of Heresy {rPois rF+
                  | rC+ rN+ Str+3 Dex+5} (You bought it in a shop on level 2 of
                  | the Orcish Mines)
 25845 | D:13     | Found Uweloe's Weapon Emporium.
 25913 | D:13     | Found a shimmering altar of Xom.
 25921 | D:13     | Found the +7 mace of Variability {chain chaos}
 27140 | D:14     | Found a runed translucent door.
 27140 | D:14     | Noticed Biutis's ghost (journeyman HONe)
 27595 | D:15     | Entered Level 15 of the Dungeon
 28276 | D:15     | Reached skill level 14 in Unarmed Combat
 28304 | D:15     | Found a staircase to the Depths.
 28906 | D:14     | Reached XP level 17. HP: 135/135 MP: 32/32
 28982 | D:14     | Found Oraufuof's General Store.
 28990 | D:14     | Bought a scroll of enchant armour for 120 gold pieces
 29144 | D:14     | Found a gate to the Vaults.
 29613 | Spider:1 | Entered Level 1 of the Spider Nest
 29637 | Spider:1 | Noticed Frances
 29650 | Spider:1 | Killed Frances
 29729 | Spider:1 | Noticed Donald
 29744 | Spider:1 | Killed Donald
 29853 | Spider:1 | Noticed Josephine
 29860 | Spider:1 | Killed Josephine
 31104 | Spider:3 | Noticed Arachne
 31117 | Spider:3 | Killed Arachne
 31122 | Spider:3 | Reached skill level 10 in Conjurations
 31122 | Spider:3 | Reached skill level 10 in Hexes
 31122 | Spider:3 | Reached skill level 10 in Charms
 31122 | Spider:3 | Reached skill level 10 in Summonings
 31122 | Spider:3 | Reached skill level 10 in Necromancy
 31122 | Spider:3 | Reached skill level 10 in Translocations
 31122 | Spider:3 | Reached skill level 10 in Transmutations
 31122 | Spider:3 | Reached skill level 10 in Fire Magic
 31122 | Spider:3 | Reached skill level 10 in Ice Magic
 31122 | Spider:3 | Reached skill level 10 in Air Magic
 31122 | Spider:3 | Reached skill level 10 in Earth Magic
 31122 | Spider:3 | Reached skill level 10 in Poison Magic
 31122 | Spider:3 | Reached skill level 15 in Unarmed Combat
 31123 | Spider:3 | Reached XP level 18. HP: 107/143 MP: 5/33
 31825 | Spider:3 | Identified the +4 battleaxe of the Pillar {vorpal, Int+6}
 31917 | Spider:3 | Identified Roxanne's Handbook of Moulding
 31917 | Spider:3 | Noticed Roxanne
 31936 | Spider:3 | Killed Roxanne
 32318 | Spider:4 | Entered Level 4 of the Spider Nest
 34293 | Spider:4 | Got a gossamer rune of Zot
 34634 | Elf:1    | Entered Level 1 of the Elven Halls
 35249 | Elf:1    | Identified Ecruopp's Catalogue of Attacks
 35448 | Elf:1    | Reached XP level 19. HP: 151/151 MP: 35/35
 35687 | Elf:1    | Reached skill level 16 in Unarmed Combat
 35965 | Elf:2    | Found the cursed necklace of Bloodlust {*Rage +Rage MR++
                  | Int-3 Slay+6 *Curse}
 35994 | Elf:2    | Found Linno's Book Emporium.
 36258 | Elf:2    | Found a huge runed translucent gate.
 36258 | Elf:2    | Found a huge runed translucent gate.
 36258 | Elf:2    | Found a huge runed translucent gate.
 36258 | Elf:2    | Found a huge runed translucent gate.
 36258 | Elf:2    | Found a huge runed translucent gate.
 36429 | Elf:2    | Identified the +1 great sword "Xukuw" {drain, +Fly rPois
                  | rC+ rN+++}
 37747 | Vaults:1 | Entered Level 1 of the Vaults
 38088 | Vaults:1 | Found a magical portal.
 38836 | Vaults:1 | You fall into a shaft and drop 1 floor!
 38945 | Vaults:2 | Reached XP level 20. HP: 95/159 MP: 36/36
 39252 | Vaults:2 | Found Gozag's Assorted Antiques.
 39297 | Vaults:2 | Reached skill level 17 in Unarmed Combat
 39518 | Vaults:2 | Found an opulent altar of Gozag.
 39518 | Vaults:2 | Found Gozag's Assorted Antiques.
 39526 | Vaults:2 | Found Gozag's Assorted Antiques.
 40169 | Vaults:2 | Found a gateway to a bazaar.
 40212 | Bazaar   | Entered a bazaar
 40212 | Bazaar   | Found Uziher's Antique Armour Shop.
 40212 | Bazaar   | Found Ewauqox's General Store.
 40219 | Bazaar   | Bought a scroll of blinking for 82 gold pieces
 40236 | Bazaar   | Found Xuluekk's Antique Weapon Shop.
 40809 | Vaults:2 | Found a staircase to the Crypt.
 41289 | D:14     | Killed Biutis's ghost
 41553 | Orc:2    | Killed Epan's ghost
 41799 | Shoals:1 | Entered Level 1 of the Shoals
 42083 | Shoals:1 | Found Goti Buha's Armour Boutique.
 42108 | Shoals:1 | Found Keavanuf's Jewellery Boutique.
 42112 | Shoals:1 | Noticed Nikola
 42125 | Shoals:1 | Killed Nikola
 42652 | Shoals:2 | Found a transporter.
 42701 | Shoals:2 | Noticed Polyphemus
 42716 | Shoals:2 | Killed Polyphemus
 43032 | Shoals:2 | Found a transporter.
 43196 | Shoals:2 | Reached XP level 21. HP: 166/166 MP: 38/38
 43240 | Shoals:2 | Found a transporter.
 43268 | Shoals:2 | Found a transporter.
 43286 | Shoals:2 | Noticed Beaer's ghost (adept DsGl)
 44604 | Shoals:4 | Entered Level 4 of the Shoals
 44605 | Shoals:4 | Upgraded the game from 0.25-a0-474-ga8a2ee3166 to
                  | 0.25-a0-479-g8579842fd4
 44786 | Shoals:4 | Got a pair of ichor-stained gloves
 44792 | Shoals:4 | Identified the +2 pair of gloves of the Eternal Void {rC+}
                  | (You found it on level 4 of the Shoals)
 45413 | Shoals:4 | Reached skill level 15 in Fighting
 45413 | Shoals:4 | Reached skill level 15 in Long Blades
 45413 | Shoals:4 | Reached skill level 15 in Dodging
 45413 | Shoals:4 | Reached skill level 18 in Unarmed Combat
 45862 | Shoals:4 | Reached skill level 15 in Invocations
 46278 | Shoals:4 | Got a barnacled rune of Zot
 48132 | Vaults:3 | Reached XP level 22. HP: 171/175 MP: 40/40
 48785 | Vaults:4 | Noticed Xtahua
 48806 | Vaults:4 | Killed Xtahua
 50343 | Depths:1 | Entered Level 1 of the Depths
 50539 | Depths:1 | You fall into a shaft and drop 1 floor!
 50542 | Depths:2 | Noticed Mara
 50552 | Depths:2 | Noticed ReteAZ's illusion
 50918 | Depths:2 | Noticed ReteAZ's illusion
 50938 | Depths:2 | Killed Mara
 50938 | Depths:2 | Reached skill level 15 in Stealth
 50970 | Depths:2 | Reached skill level 19 in Unarmed Combat
 51174 | Depths:2 | Found a gateway to Hell.
 51245 | Depths:2 | Found the +8 whip "Snakebite" {curare, rPois}
 51517 | Depths:2 | Reached XP level 23. HP: 101/183 MP: 37/41
 51829 | Depths:2 | Found the +3 giant club "Skullcrusher" {speed, Str+7}
 51897 | Depths:2 | Found Hoggoips's Food Boutique.
 53495 | Depths:3 | Found Giovacw's Distillery.
 53782 | Depths:3 | Found Plog's Antique Armour Emporium.
 53793 | Depths:3 | Noticed Frederick
 53808 | Depths:3 | Killed Frederick
 53821 | Depths:3 | Learned a level 5 spell: Silence
 53828 | Depths:3 | Learned a level 6 spell: Deflect Missiles
 53929 | Depths:3 | Reached skill level 15 in Short Blades
 53929 | Depths:3 | Reached skill level 15 in Axes
 53929 | Depths:3 | Reached skill level 15 in Maces & Flails
 53929 | Depths:3 | Reached skill level 15 in Polearms
 53929 | Depths:3 | Reached skill level 15 in Staves
 53929 | Depths:3 | Reached skill level 15 in Slings
 53929 | Depths:3 | Reached skill level 15 in Bows
 53929 | Depths:3 | Reached skill level 15 in Crossbows
 53929 | Depths:3 | Reached skill level 15 in Throwing
 53929 | Depths:3 | Reached skill level 15 in Armour
 53929 | Depths:3 | Reached skill level 15 in Shields
 53929 | Depths:3 | Reached skill level 15 in Spellcasting
 53929 | Depths:3 | Reached skill level 15 in Evocations
 54237 | Depths:3 | Found a sparkling altar of Nemelex Xobeh.
 54414 | Depths:3 | Identified the Compendium of Protection and Fire
 54866 | Depths:4 | Found the ring of Robustness {AC+8}
 55446 | Depths:4 | Reached XP level 24. HP: 146/190 MP: 42/42
 55662 | Depths:4 | Reached skill level 20 in Unarmed Combat
 56102 | Depths:4 | Found a one-way gate to the infinite horrors of the Abyss.
 56232 | Depths:4 | Identified a scroll of acquirement
 56419 | Depths:5 | Entered Level 5 of the Depths
 56454 | Depths:5 | Found a portal to a secret trove of treasure.
 56482 | Depths:5 | Noticed a caustic shrike
 56482 | Depths:5 | Noticed a caustic shrike
 56483 | Depths:5 | Noticed a caustic shrike
 56490 | Depths:5 | Killed a caustic shrike
 56496 | Depths:5 | Killed a caustic shrike
 56505 | Depths:5 | Killed a caustic shrike
 56636 | Depths:5 | Found a gateway to a ziggurat.
 56664 | Depths:5 | Found Korchucli's Gadget Shop.
 56970 | Depths:5 | Bought a wand of digging (6) for 380 gold pieces
 57351 | Depths:5 | Found a bloodstained altar of Trog.
 57977 | Depths:5 | Found a gate to the Realm of Zot.
 58941 | Depths:5 | Identified a +2 pair of boots of running (You found it on
                  | level 5 of the Depths)
 58964 | Depths:5 | Found a gate to the Realm of Zot.
 58998 | Depths:5 | Found a bloodstained altar of Trog.
 59373 | Depths:5 | Found Korchucli's Gadget Shop.
 59432 | Depths:5 | Found a gateway to a ziggurat.
 59466 | Depths:5 | Found a portal to a secret trove of treasure.
 59933 | Elf:3    | Entered Level 3 of the Elven Halls
 59971 | Elf:3    | Noticed Aizul
 59987 | Elf:3    | Killed Aizul
 60214 | Elf:3    | Identified the ring "Umel" {rF+ rC+ Dex+3}
 60231 | Elf:3    | Identified the +2 pair of boots of the Harp {*Drain rCorr
                  | Dex+10} (You acquired it on level 3 of the Elven Halls)
 60231 | Elf:3    | Identified the +8 longbow of the Shoals {vorpal, -Tele
                  | rElec MR+++ Int-3} (You acquired it on level 3 of the Elven
                  | Halls)
 60426 | Elf:3    | Reached XP level 25. HP: 200/200 MP: 42/42
 60687 | Elf:3    | Noticed Bai Suzhen
 60702 | Elf:3    | Killed Bai Suzhen
 61087 | Elf:3    | Gained mutation: Your magical capacity is low. (-10% MP) [a
                  | cacodemon]
 61149 | Elf:3    | Identified the cursed ring "Mukhag" {rF+ rC- rN+ Int+3
                  | Dex-3}
 61252 | Elf:3    | Identified the +6 long sword of Disembowelment {drain,
                  | rElec Str-4 Dex+8}
 61949 | Crypt:1  | Entered Level 1 of the Crypt
 62232 | Crypt:1  | Found a runed translucent gate.
 62232 | Crypt:1  | Found a runed translucent gate.
 63132 | Crypt:1  | Noticed Saint Roka
 63154 | Crypt:1  | Killed Saint Roka
 63231 | Crypt:1  | Found a runed translucent gate.
 63234 | Crypt:1  | Noticed Jidasm's ghost (veteran GrFi)
 63234 | Crypt:1  | Noticed Afoutsoc's ghost (veteran GrFi)
 63234 | Crypt:1  | Noticed Piu's ghost (master GnWn)
 63234 | Crypt:1  | Noticed Mehus's ghost (veteran MiBe)
 63234 | Crypt:1  | Noticed Addacahu's ghost (veteran GrEE)
 63562 | Crypt:2  | Noticed a greater mummy
 64367 | Shoals:2 | Killed Beaer's ghost
 64378 | Shoals:2 | Identified the +2 pair of gloves of Cushraqa {+Inv Regen+
                  | Int-3} (You found it on level 2 of the Shoals)
 64380 | Shoals:2 | Identified the amulet of Sunlight {RegenMP Str+2} (You
                  | found it on level 2 of the Shoals)
 65086 | Vaults:5 | Entered Level 5 of the Vaults
 65589 | Vaults:5 | Identified the ring of Raitod {Fire rPois MR- Slay+3}
 65621 | Vaults:5 | Reached XP level 26. HP: 208/208 MP: 39/39
 65820 | Vaults:5 | Identified the +6 flail of Wiaw {antimagic, +Blink +Fly
                  | rElec Int-3}
 66050 | Vaults:5 | Identified the ring "Ikuxycoa" {MP+9 Str+7 Slay-3}
 66080 | Vaults:5 | Identified the ring of Soafopn {Ice Int+2}
 66469 | Vaults:5 | Got a silver rune of Zot
 66473 | Vaults:5 | Noticed an ancient lich
 66475 | Vaults:5 | Identified the +4 hunting sling of Imminent Death {vorpal,
                  | MR+}
 66507 | Vaults:5 | Killed an ancient lich
 66555 | Vaults:5 | Got a pair of spiked gloves
 66563 | Vaults:5 | Reached skill level 21 in Unarmed Combat
 66741 | Vaults:5 | Identified the +7 war axe "Fios" {speed, rN+}
 67399 | Vaults:5 | Identified the +2 pair of gloves "Vogg" {rPois MR- Int+2
                  | Dex+2} (You found it on level 5 of the Vaults)
 67405 | Vaults:5 | Identified The Last Compendium of the Greatest Mummy
 67597 | Vaults:5 | Found the +2 pair of boots of the Assassin {Detection Stab+
                  | Stlth++}
 67916 | Vaults:5 | Found Vipp's Antique Armour Shop.
 68412 | Depths:5 | You paid a toll of +3 gold dragon scales to enter a
                  | treasure trove
 68413 | Trove    | Entered a treasure trove
 68426 | Trove    | Found the +10 large shield of Ignorance {rN+ Int-4}
 68430 | Trove    | Got a pair of faintly glowing boots
 68449 | Trove    | Got an ancient graven amulet
 68459 | Trove    | Identified the amulet "Toafushua" {Reflect MP+9 Dex+4 SH+5}
                  | (You found it in a treasure trove)
 68500 | Trove    | Identified the +3 pair of boots "Filam" {Int+4} (You found
                  | it in a treasure trove)
 68829 | Crypt:2  | Killed a greater mummy
 68830 | Crypt:2  | Noticed a greater mummy
 68840 | Crypt:2  | Killed a greater mummy
 68938 | Crypt:2  | Found the +12 glaive of Prune {vorpal}
 69503 | Crypt:2  | Noticed a greater mummy
 69512 | Crypt:2  | Noticed Khufu
 69518 | Crypt:2  | Killed a greater mummy
 69518 | Crypt:2  | Reached XP level 27. HP: 197/217 MP: 39/39
 69530 | Crypt:2  | Killed Khufu
 69834 | Crypt:3  | Entered Level 3 of the Crypt
 69891 | Crypt:3  | Found a staircase to the Tomb.
 70122 | Crypt:3  | Noticed Margery
 70142 | Crypt:3  | Killed Margery
 71229 | Crypt:3  | Noticed an ancient lich
 71229 | Crypt:3  | Noticed an ancient lich
 71245 | Crypt:3  | Killed an ancient lich
 71253 | Crypt:3  | Killed an ancient lich
 71282 | Crypt:3  | Identified Kikubaaqudgha's Papyrus of Dark Magic
 71296 | Crypt:3  | Identified the +6 rapier of Reosk {flame, +Inv rC+} (You
                  | found it on level 3 of the Crypt)
 71454 | Crypt:1  | Killed Piu's ghost
 71470 | Crypt:1  | HP: 8/217 [Addacahu's ghost/stone arrow (25)]
 71470 | Crypt:1  | Killed from afar by Afoutsoc's ghost

Levels and vault maps discovered:
D:1:      wander_arrival_lonely_grave, layout_basic
D:2:      layout_loops_ring, chequers_ecumenical_altar_simple,
          minmay_misc_feat_plants, lemuel_tele_altar
D:3:      layout_basic, serial_bayou_pond_d, eino_curves_04
D:4:      layout_rooms, serial_shops, kennysheep_mini_moat
D:5:      layout_basic, minmay_temple_entry_stoned_glass, first_ration,
          grunt_decor_mini_mirrors, minmay_starry_boxes
D:6:      layout_cave_pods
D:7:      layout_loops_ring, grunt_livestock, xom_confusion_cloud
D:8:      layout_layer_cave, zin_purify, lair_entry_dummy,
          minmay_manual_monstrance
D:9:      layout_rooms, hiddenorc2_lemuel, serial_rivers,
          chequers_serial_rivers_marsh, chequers_serial_rivers_micro_c,
          chequers_serial_rivers_room_b, chequers_serial_rivers_room_a,
          chequers_serial_rivers_small_b, chequers_serial_rivers_room_b,
          uniq_grum
D:10:     layout_basic, minivault_16, nrook_loot_triangle
D:11:     layout_cave_pools
D:12:     layout_grid_maze, eino_tiny_chamber
D:13:     layout_loops_ring, serial_shops, shop,
          minmay_guarded_unrand_variability
D:14:     layout_cave_pools, grunt_vaults_entry_fortified,
          kennysheep_cross_room, ebering_ghost_inner_flame, serial_shops,
          nicolae_shop_crystal, grunt_ministairs_4, dk_noncrumbling_3
D:15:     gammafunk_depths_entry_grave, layout_cave_pools, serial_bayou,
          serial_bayou_pond_a, serial_bayou_pond_c, serial_bayou_shore_a,
          serial_bayou_lagoon_b, minmay_misc_feat_more_columns
Temple:   regret_index_temple_sigil_plot
Lair:1:   layout_cave_shapes, gauntlet_entry_generic,
          cheibrodos_lair_caveside_slide, serial_bayou_shore_b
Lair:2:   layout_regular_city, grunt_megastairs_5, uniq_fannar, uniq_gastronok
Lair:3:   layout_roguey, spider_nest_entry_funnel_web, basic_altar,
          uniq_prince_ribbit2
Lair:4:   layout_small_grid, minmay_shoals_entry_centaurs, grunt_megastairs_3
Lair:5:   gammafunk_mikee_crab_dinner, layout_long_grid, uniq_kirke
Lair:6:   evilmike_catoblepas_cave, layout_loops_ring, dpeg_slime_entry_corner,
          grunt_megastairs_1
Shoals:1: layout_shoals, serial_shops, shop_fountains, shop_fountains,
          uniq_nikola
Shoals:2: gammafunk_the_bubble [the_bubble_gammafunk_grid], layout_shoals,
          gammafunk_ghost_berserking_beasts, uniq_polyphemus
Shoals:3: layout_shoals
Shoals:4: shoals_end_grunt_ice, layout_shoals
Spider:1: layout_spider_delve, drop_trap, hangedman_spider_trapstep,
          uniq_josephine, uniq_frances, uniq_donald
Spider:2: nicolae_spider_hall_of_the_moth_king
Spider:3: nicolae_spider_corner, uniq_arachne, uniq_roxanne
Spider:4: grunt_spider_rune_parallel
Orc:1:    layout_caves, serial_shops, shop, basic_altar, mines2_david
Orc:2:    pf_orc_diabolical, layout_caves, maelrawn_ghost_gauntlet_escape,
          nicolae_volcano_entry_two_sided
Elf:1:    eino_elf_arrival_sip, layout_geoelf_diagonals,
          minmay_elf_annihilation, einodemon_barbed_minivault
Elf:2:    layout_gridlike, serial_shops, shop
Elf:3:    minmay_elf_hall_furrowed, layout_geoelf_grid, fountainhead,
          uniq_aizul, uniq_bai_suzhen
Vaults:1: ontoclasm_vaults_claustrophobia, nicolae_vaults_little_squares_3,
          hangedman_vaults_trim, v_misc_3, hangedman_vaults_cutoff,
          nicolae_vaults_network_square, ontoclasm_vaults_decontamination,
          v_misc_17, nicolae_vaults_asterisk, layout_vaults_chaotic_city,
          mu_enter_wizlab_6
Vaults:2: kennysheep_vaults_gozag_temple, v_misc_26, ontoclasm_vaults_gateway,
          nicolae_vaults_hallways_thing, minmay_crypt_entry_simple_box,
          nicolae_vaults_network_periphery, v_misc_3,
          nicolae_vaults_big_angled_halls, hangedman_vaults_unwind,
          hangedman_vaults_river_flow, nicolae_vaults_shelves_hall, v_rooms_4,
          ontoclasm_vaults_bender, v_alt_pattern_1, ontoclasm_vaults_shuriken,
          layout_vaults_omnibox, serial_shops, bzr_in_the_mist
Vaults:3: nicolae_vaults_alarming, hangedman_vaults_nails, grunt_vaults_bifocal,
          nicolae_vaults_specimen_jars, nicolae_vaults_three_branches,
          nicolae_vaults_little_ls, vaults_dpeg_diagonal, v_misc_15, st_lines,
          nicolae_vaults_asterisk, v_misc_23, hangedman_vaults_hat,
          nicolae_vaults_yaktaur_gun_rack, nicolae_vaults_ring_of_whatevers,
          nicolae_vaults_sealed_display, v_misc_13, layout_vaults_omnicross
Vaults:4: grunt_vaults_focal, vaults_room_corners, v_misc_4, v_misc_23,
          st_more_cells, ontoclasm_vaults_hangar, vaults_room_pool,
          vaults_dpeg_encased_lava, layout_vaults_quadrants, uniq_xtahua
Vaults:5: serial_shops
Crypt:1:  layout_chaotic_city, gammafunk_ghost_cemetery,
          grunt_crypt_arrival_split, uniq_saint_roka
Crypt:2:  layout_regular_city, grunt_ministairs_9, grunt_megastairs_4,
          uniq_khufu
Crypt:3:  david_glass_crypt, layout_gridlike, tomb_entry_simple_bobbens,
          corner_web_ring, minivault_11, uniq_margery
Depths:1: layout_cave_pools, minmay_strange_pillars, hell_entry, moated_statue,
          drop_trap, horrible_house_mu
Depths:2: grunt_twist_and_shout, layout_cave_shapes, pan_entry, serial_shops,
          shop, grunt_mini_vestibule, uniq_mara
Depths:3: minmay_outward_triangles, layout_honeycomb, rand_demon_pan_entry_8,
          hell_entry, nemelex_diamond_rough_becter, minmay_shoptagon,
          uniq_frederick
Depths:4: hangedman_crystal_crosses_colossus [crystal_crosses_arms_four,
          crystal_crosses_arms_two, crystal_crosses_arms_two,
          crystal_crosses_arms_one], hell_entry, abyss_entry
Depths:5: lemuel_castle_with_subvaults [lemuel_castle_interior_original],
          layout_gridlike, enter_ziggurat_c, lemuel_statue_altar,
          pf_hell_entry_great_geh, enter_trove_2, serial_shops, shop

Skill      XL: |  1  2  3  4  5  6  7  8  9 10 11 12 13 14 15 16 17 18 19 20 21 22 23 24 25 26 27 |
---------------+----------------------------------------------------------------------------------+-----
Short Blades   | 1 2 3 4 5 6 7 8 9 10 11 12 13 14 15 16 17 | 17.3
Axes           | 1 2 3 4 5 6 7 8 9 10 11 12 13 14 15 16 17 | 17.3
Maces & Flails | 1 2 3 4 5 6 7 8 9 10 11 12 13 14 15 16 17 | 17.3
Polearms       | 1 2 3 4 5 6 7 8 9 10 11 12 13 14 15 16 17 | 17.3
Staves         | 1 2 3 4 5 6 7 8 9 10 11 12 13 14 15 16 17 | 17.3
Slings         | 1 2 3 4 5 6 7 8 9 10 11 12 13 14 15 16 17 | 17.3
Bows           | 1 2 3 4 5 6 7 8 9 10 11 12 13 14 15 16 17 | 17.3
Crossbows      | 1 2 3 4 5 6 7 8 9 10 11 12 13 14 15 16 17 | 17.3
Throwing       | 1 2 3 4 5 6 7 8 9 10 11 12 13 14 15 16 17 | 17.3
Armour         | 1 2 3 4 5 6 7 8 9 10 11 12 13 14 15 16 17 | 17.3
Shields        | 1 2 3 4 5 6 7 8 9 10 11 12 13 14 15 16 17 | 17.3
Unarmed Combat | 1 2 3 4 5 7 9 10 12 13 14 15 16 17 18 19 20 21 | 21.4
Spellcasting   | 1 2 3 4 5 6 7 8 9 10 11 12 13 14 15 16 17 | 17.3
Invocations    | 1 2 3 4 5 6 7 8 9 10 11 12 13 14 15 16 17 18 | 18.6
Evocations     | 1 2 3 4 5 6 7 8 9 10 11 12 13 14 15 16 17 | 17.3
Conjurations   | 1 2 3 4 5 6 7 8 9 10 11 12 13 14 | 14.9
Hexes          | 1 2 3 4 5 6 7 8 9 10 11 12 13 14 | 14.9
Charms         | 1 2 3 4 5 6 7 8 9 10 11 12 13 14 | 14.9
Summonings     | 1 2 3 4 5 6 7 8 9 10 11 12 13 14 | 14.9
Necromancy     | 1 2 3 4 5 6 7 8 9 10 11 12 13 14 | 14.9
Translocations | 1 2 3 4 5 6 7 8 9 10 11 12 13 14 | 14.9
Transmutations | 1 2 3 4 5 6 7 8 9 10 11 12 13 14 | 14.9
Fire Magic     | 1 2 3 4 5 6 7 8 9 10 11 12 13 14 | 14.9
Ice Magic      | 1 2 3 4 5 6 7 8 9 10 11 12 13 14 | 14.9
Air Magic      | 1 2 3 4 5 6 7 8 9 10 11 12 13 14 | 14.9
Earth Magic    | 1 2 3 4 5 6 7 8 9 10 11 12 13 14 | 14.9
Poison Magic   | 1 2 3 4 5 6 7 8 9 10 11 12 13 14 | 14.9
Fighting       | 7 8 9 10 11 12 13 14 15 16 17 18 | 18.1
Long Blades    | 7 8 9 10 11 12 13 14 15 16 17 18 | 18.1
Dodging        | 7 8 9 10 11 12 13 14 15 16 17 18 19 | 19.8
Stealth        | 5 6 7 8 9 10 11 12 13 14 15 16 17 | 17.6

Action                   |  1- 3 |  4- 6 |  7- 9 | 10-12 | 13-15 | 16-18 | 19-21 | 22-24 | 25-27 || total
-------------------------+-------+-------+-------+-------+-------+-------+-------+-------+-------++-------
Melee: Falchion          |    57 |   185 |   475 |   752 |       |       |       |       |       ||  1469
       Bite              |    10 |    21 |   121 |   270 |   427 |   420 |   395 |   462 |   479 ||  2605
       Long sword        |       |       |       |   158 |       |       |       |       |   313 ||   471
       Whip              |       |       |       |   130 |  1560 |   396 |       |       |       ||  2086
       Double sword      |       |       |       |       |       |   996 |  1616 |  1513 |  1011 ||  5136
       Great sword       |       |       |       |       |       |       |       |    81 |   203 ||   284
Throw: Throwing net      |       |     1 |       |       |       |       |       |       |       ||     1
       Javelin           |       |       |       |    12 |    10 |    66 |    66 |    19 |    28 ||   201
 Cast: Blink             |       |       |       |       |     2 |       |     1 |       |       ||     3
       Silence           |       |       |       |       |       |       |       |     4 |     6 ||    10
       Deflect Missiles  |       |       |       |       |       |       |       |     2 |     1 ||     3
Invok: Slouch            |       |       |       |    11 |    12 |     8 |     3 |     6 |    17 ||    57
Evoke: Wand              |       |       |       |     2 |     7 |     1 |     1 |       |     7 ||    18
       Phial of floods   |       |       |       |       |     1 |       |       |       |       ||     1
       Lamp of fire      |       |       |       |       |       |       |       |     1 |     1 ||     2
  Use: Potion            |       |       |     5 |     3 |     3 |     1 |       |     2 |    11 ||    25
       Scroll            |       |       |    18 |     6 |     7 |    11 |     4 |     9 |    31 ||    86
 Stab: Sleeping          |     9 |     9 |     4 |    13 |    12 |       |       |       |     1 ||    48
       Held in net/web   |       |     1 |       |       |       |       |       |       |       ||     1
       Distracted        |       |       |     2 |     4 |     1 |       |       |       |     2 ||     9
       Confused          |       |       |     1 |       |       |       |       |     2 |       ||     3
       Paralysed         |       |       |       |       |    17 |       |       |       |       ||    17
       Petrifying        |       |       |       |       |       |       |     1 |       |       ||     1
  Eat: Chunk             |       |     6 |    10 |    11 |    22 |    23 |    26 |    21 |    12 ||   131
       Ration            |       |       |       |     1 |       |       |       |     1 |     4 ||     6
Armor: Robe              |     6 |    16 |       |       |       |       |       |       |       ||    22
       Leather armour    |       |    22 |    32 |       |       |       |       |       |       ||    54
       Troll leather arm |       |       |    32 |       |       |       |       |       |       ||    32
       Scale mail        |       |       |    30 |   159 |   141 |       |       |       |       ||   330
       Plate armour      |       |       |       |       |    32 |     7 |       |       |       ||    39
       Chain mail        |       |       |       |       |     9 |       |       |       |       ||     9
       Gold dragon scale |       |       |       |       |       |   611 |   451 |   574 |   580 ||  2216
Dodge: Dodged            |    44 |    62 |   166 |   506 |   645 |  1167 |  1198 |  1074 |  1083 ||  5945
       Deflected         |       |       |       |       |       |       |       |    11 |     6 ||    17
Block: Large shield      |     3 |   113 |   341 |  1092 |  1572 |   752 |       |   931 |  1870 ||  6674
       Shield            |       |       |       |       |       |   845 |  1452 |   551 |       ||  2848
       Reflection        |       |       |       |       |       |     4 |   171 |    32 |     3 ||   210
       Rpst.: Falchion   |    15 |    18 |    43 |    87 |       |       |       |       |       ||   163
       Long sword        |       |       |       |    16 |       |       |       |       |    20 ||    36
       Double sword      |       |       |       |       |       |   185 |   205 |   143 |    93 ||   626
       Great sword       |       |       |       |       |       |       |       |    23 |    70 ||    93

Table legend:
 A = Non-vault XP
 B = Vault XP
 C = Vault XP percentage of total XP
 D = Non-vault monster count
 E = Vault monster count
 F = Vault count percentage of total count
                 A         B        C        D         E       F
            +---------+---------+-------+---------+---------+-------
      Total |  608917 |  738070 |  54.8 |    1453 |     862 |  37.2
            +---------+---------+-------+---------+---------+-------
        D:1 |      28 |       0 |   0.0 |      17 |       0 |   0.0
        D:2 |     101 |       0 |   0.0 |      18 |       0 |   0.0
        D:3 |      71 |       0 |   0.0 |      16 |       0 |   0.0
        D:4 |     464 |       0 |   0.0 |      20 |       0 |   0.0
        D:5 |     783 |      51 |   6.1 |      21 |       4 |  16.0
        D:6 |    1103 |       0 |   0.0 |      24 |       0 |   0.0
        D:7 |    1486 |    1639 |  52.4 |      39 |      12 |  23.5
        D:8 |    2214 |     190 |   7.9 |      31 |       3 |   8.8
        D:9 |     595 |    1422 |  70.5 |      13 |      36 |  73.5
       D:10 |    5760 |     700 |  10.8 |      57 |       1 |   1.7
       D:11 |    2525 |       0 |   0.0 |      30 |       0 |   0.0
       D:12 |    4009 |       0 |   0.0 |      22 |       0 |   0.0
       D:13 |    9221 |     356 |   3.7 |      31 |       2 |   6.1
       D:14 |   17097 |   10569 |  38.2 |      39 |      14 |  26.4
       D:15 |   10440 |    5138 |  33.0 |      29 |       8 |  21.6
     Lair:1 |    6592 |       0 |   0.0 |      28 |       0 |   0.0
     Lair:2 |    3461 |    3764 |  52.1 |      15 |       4 |  21.1
     Lair:3 |    6479 |    3064 |  32.1 |      25 |      12 |  32.4
     Lair:4 |    4994 |    2016 |  28.8 |      21 |       8 |  27.6
     Lair:5 |    8373 |    8974 |  51.7 |      19 |      14 |  42.4
     Lair:6 |   16500 |   13328 |  44.7 |      52 |      27 |  34.2
   Shoals:1 |    3184 |    3766 |  54.2 |       8 |       1 |  11.1
   Shoals:2 |   27733 |   24611 |  47.0 |      55 |      38 |  40.9
   Shoals:3 |   22963 |       0 |   0.0 |      47 |       0 |   0.0
   Shoals:4 |   20515 |   20844 |  50.4 |      46 |      30 |  39.5
   Spider:1 |    4175 |    9018 |  68.4 |       8 |      14 |  63.6
   Spider:2 |   13888 |    5286 |  27.6 |      41 |      17 |  29.3
   Spider:3 |   18302 |   19908 |  52.1 |      46 |      34 |  42.5
   Spider:4 |   19961 |   22806 |  53.3 |      57 |      46 |  44.7
      Orc:1 |    9976 |      30 |   0.3 |      47 |      10 |  17.5
      Orc:2 |    7480 |   18405 |  71.1 |      32 |      62 |  66.0
      Elf:1 |   13975 |   10464 |  42.8 |      24 |      21 |  46.7
      Elf:2 |   14696 |   22758 |  60.8 |      24 |      30 |  55.6
      Elf:3 |    6243 |   49053 |  88.7 |       9 |      31 |  77.5
   Vaults:1 |   13654 |    7845 |  36.5 |      29 |      12 |  29.3
   Vaults:2 |   26491 |   42224 |  61.4 |      35 |      47 |  57.3
   Vaults:3 |   31264 |   12846 |  29.1 |      49 |      17 |  25.8
   Vaults:4 |   17279 |   41405 |  70.6 |      34 |      36 |  51.4
   Vaults:5 |   22423 |  103921 |  82.3 |      34 |      74 |  68.5
    Crypt:1 |   26983 |   11735 |  30.3 |      45 |      14 |  23.7
    Crypt:2 |   20690 |   34117 |  62.2 |      30 |      11 |  26.8
    Crypt:3 |   20693 |   48229 |  70.0 |      34 |      25 |  42.4
   Depths:1 |   25904 |    5645 |  17.9 |      32 |       8 |  20.0
   Depths:2 |   45921 |   17909 |  28.1 |      58 |      11 |  15.9
   Depths:3 |   21114 |   18835 |  47.1 |      22 |      12 |  35.3
   Depths:4 |       0 |   78407 | 100.0 |       0 |      56 | 100.0
   Depths:5 |   51114 |   45765 |  47.2 |      40 |      41 |  50.6
    Volcano |       0 |    4390 | 100.0 |       0 |       5 | 100.0
     WizLab |       0 |    2685 | 100.0 |       0 |       6 | 100.0
   Gauntlet |       0 |    3952 | 100.0 |       0 |       8 | 100.0
            +---------+---------+-------+---------+---------+-------
